 Dungeon Crawl Stone Soup version 0.28-a0-447-g1f95980246 (webtiles) character file.

Game seed: 3337948755948672649

81 bande the Shield-Bearer (level 4, 0/29 HPs)
             Began as a Gargoyle Fighter on Sept 12, 2021.
             Slain by Grinder (7 damage)
             ... on level 3 of the Dungeon.
             The game lasted 00:03:28 (1471 turns).

bande the Shield-Bearer (Gargoyle Fighter)          Turns: 1471, Time: 00:03:28

Health: 0/29       AC: 16    Str: 20    XL:     4   Next: 40%
Magic:  4/4        EV:  6    Int:  8    God:
Gold:   94         SH:  4    Dex: 10    Spells: 3/3 levels left

rFire   . . .      SeeInvis .   a - +0 war axe
rCold   . . .      Faith    .   c - +0 buckler
rNeg    + . .      Spirit   .   g - +0 plate armour
rPois   ∞          Reflect  .   i - +0 helmet
rElec   +          Harm     .   (no cloak)
rCorr   .          Rampage  .   (no gloves)
Will    .....                   (no boots)
Stlth   ..........              (no amulet)
HPRegen 0.09/turn               (no ring)
MPRegen 0.09/turn               (no ring)

@: no status effects
A: sickness immunity, AC +3, negative energy resistance 1, electricity
resistance, torment resistance 1, petrification resistance
a: no special abilities


You were on level 3 of the Dungeon.
You visited 1 branch of the dungeon, and saw 3 of its levels.

You collected 94 gold pieces.

Inventory:

Hand Weapons
 a - a +0 war axe (weapon)
Armour
 c - a +0 buckler (worn)
 g - a +0 plate armour (worn)
 i - a +0 helmet (worn)
Potions
 b - a potion of resistance {unknown}
 d - 2 potions of might
 e - 2 potions of haste
 f - 2 potions of curing {unknown}
 h - a potion of flight {unknown}


   Skills:
 + Level 3.7 Fighting
 + Level 3.0 Axes
 + Level 3.7 Armour
 - Level 0.3 Dodging
 + Level 3.8 Shields


You had 3 spell levels left.
You didn't know any spells.
Your spell library contained the following spells:

 Spells                   Type           Power      Damage    Failure   Level
 Blink                    Tloc           N/A        N/A       100%        2
 Manifold Assault         Tloc           0%         N/A       100%        5
 Storm Form               Tmut/Air       0%         N/A       100%        7


Dungeon Overview and Level Annotations

Branches:
Dungeon (3/15)

Altars:

Annotations:
D:3 Grinder


Innate Abilities, Weirdness & Mutations

You are immune to sickness and miasma.
Your stone body is resilient. (AC +3)
You are immune to poison.
You resist negative energy. (rN+)
You are resistant to electric shocks. (rElec)
You are resistant to unholy torment.
You are immune to petrification.


Message History

The adder bites you but does no damage.
Your plate armour prevents you from hitting the adder.
The adder is moderately wounded.
The adder bites you but does no damage. The adder barely misses you.
You slash the adder!
You kill the adder!
Your Axes skill increases to level 3!
Grinder gestures at you. Pain shoots through your body!
Grinder gestures at you.
You suddenly lose the ability to move!
Grinder hits you but does no damage. x2
Grinder hits you!
You writhe in agony.
Grinder blinks!
You can move again.
You closely miss Grinder.
Grinder is lightly wounded.
Grinder hits you but does no damage.
You slash Grinder!
Grinder is heavily wounded.
Grinder hits you but does no damage. x2
You completely miss Grinder.
Grinder is heavily wounded.
You block Grinder's attack.
You slash Grinder!
Grinder is severely wounded.
Grinder gestures at you.
You suddenly lose the ability to move!
Grinder hits you.
Grinder blinks!
You can move again.
You closely miss Grinder.
Grinder is severely wounded.
Grinder gestures at you. Pain shoots through your body!
* * * LOW HITPOINT WARNING * * *
Your plate armour prevents you from hitting Grinder.
Grinder is severely wounded.
Grinder hits you but does no damage. Grinder hits you!
You die...

............# .
...........# .. #
..........#
##.#.#....(....#
.....#.........#
...............##
.......<.........
#######.5......##
........@........
..####........##
.................
...####..........
...........
######.##...
..#.#. #.# # .#


You could see Grinder.

Vanquished Creatures
  4 adders
  A dart slug (D:2)
  4 endoplasms
  2 giant cockroaches (D:1)
  5 hobgoblins
  6 jackals (D:1)
  5 kobolds
  A quokka (D:1)
  5 ball pythons
  A frilled lizard (D:1)
  A goblin (D:1)
  4 rats
39 creatures vanquished.

Notes
Turn   | Place    | Note
-------+----------+-------------------------------------------
     0 | D:1      | bande the Gargoyle Fighter began the quest for the Orb.
     0 | D:1      | Reached XP level 1. HP: 14/14 MP: 1/1
    41 | D:1      | Reached XP level 2. HP: 18/19 MP: 2/2
   504 | D:1      | Reached XP level 3. HP: 22/23 MP: 3/3
   948 | D:2      | Reached XP level 4. HP: 22/29 MP: 4/4
  1438 | D:3      | Noticed Grinder
  1451 | D:3      | Paralysed by Grinder for 7 turns
  1462 | D:3      | Paralysed by Grinder for 7 turns
  1471 | D:3      | Slain by Grinder

Illustrated notes

Levels and vault maps discovered:
D:1:      roderic_chinese_lattice_arrival, layout_rooms,
          ebering_dispersal_statue_hall, minmay_misc_feat_chi, minmay_tall_x
D:2:      layout_rooms, minivault_4, solitary_fountain
D:3:      layout_basic, serial_shops, shop, basic_ecumenical_altar,
          kennysheep_generic_room_14, uniq_grinder

Skill      XL: |  1  2  3  4 |
---------------+-------------+-----
Axes           | 2 3 |  3.0
Fighting       | |  3.7
Armour         | |  3.7
Dodging        | |  0.3
Shields        | |  3.8

Action                   |  1- 3 |  4- 6 || total
-------------------------+-------+-------++-------
Melee: War axe           |    98 |    31 ||   129
  Use: Scroll            |     2 |     1 ||     3
Armor: Scale mail        |    41 |       ||    41
       Plate armour      |    38 |    24 ||    62
Dodge: Dodged            |    42 |    13 ||    55
Block: Buckler           |    26 |     4 ||    30

Table legend: (Time is in decaauts)
 A = Elapsed time spent in this place.
 B = Non-inter-level travel time spent in this place.
 C = Inter-level travel time spent in this place.
 D = Time resting spent in this place.
 E = Time spent auto-exploring this place.
 F = Levels seen in this place.
 G = Mean time per level.
                   A        B        C        D        E       F      G
               +--------+--------+--------+--------+--------+-----+--------+
         Total |   1520 |   1520 |      0 |    321 |    793 |   3 |  506.7 |
       Dungeon |   1520 |   1520 |      0 |    321 |    793 |   3 |  506.7 |
               +--------+--------+--------+--------+--------+-----+--------+

Top non-repeatable levels by time:
     D:2: 775 daAuts
     D:1: 707 daAuts
     D:3: 37 daAuts
